[Event "New Zealand Rapid Championship"]
[Site "Wellington"]
[Date "2023.01.11"]
[Round "4.13"]
[White "Zhang, Kendrick Botong"]
[Black "Barnett-Harris, Lucas"]
[Result "1-0"]
[TimeControl "25+5"]
[WhiteTitle "CM"]
[WhiteFideId "4307704"]
[BlackFideId "467600"]
[WhiteElo "1870"]
[BlackElo "1470"]

1. e4 c5 2. Nf3 Nc6 3. d4 cxd4 4. Nxd4 e6 5. Nc3 Nf6 6. Be3 Bb4 7. f3 d5 8. Nxc6 bxc6 9. exd5 cxd5 10. Bd4 O-O 11. Bb5 Bd7 12.
Bxd7 Qxd7 13. a3 Ba5 14. Qd2 Rab8 15. b4 Bb6 16. O-O Rfc8 17. Bxb6 Rxb6 18. Ne2 Rbc6 19. Nd4 Rc4 20. Rfc1 Qd6 21.
Nb3 Qc7 22. Nc5 Nd7 23. Nxd7 Qxd7 24. Ra2 Rc3 25. Qd4 R8c4 26. Qe5 Qa4 27. f4 h6 28. f5 exf5 29. Qxf5 d4 30. Rf1 Rc7 31.
Qd5 Rd7 32. Qa8+ Kh7 33. Qe4+ Kg8 34. Qe8+ Kh7 35. Rxf7 Rcc7 36. Qe4+ Kg8 37. Qe8+ Kh7 38. Rf8 g6 39. Rh8+ Kg7 40.
Qf8# 1-0

[Event "New Zealand Rapid Championship"]
[Site "Wellington"]
[Date "2023.01.11"]
[Round "4.14"]
[White "Campbell, Cazna"]
[Black "Perrin, Brent"]
[Result "0-1"]
[TimeControl "25+5"]
[WhiteFideId "4320808"]
[BlackFideId "451380"]
[WhiteElo "1701"]
[BlackElo "1856"]

1. c4 f5 2. Nc3 Nf6 3. g3 d6 4.
Bg2 e5 5. d3 Be7 6. e4 O-O 7. Nge2 Nc6 8.
O-O a5 9. h3 Qe8 10. Be3 f4 11. gxf4 exf4 12. Nxf4 Ne5 13. Nfd5 Bd8 14. f4 Ng6 15. d4 Nh4 16. Nxf6+ Bxf6 17.
e5 Nxg2 18. Kxg2 Qg6+ 19. Kh2 Qh6 20. Qf3 Bd8 21. f5 Bg5 22. Bxg5 Qxg5 23. e6 Bxe6 24. fxe6 Rxf3 25. Rxf3 Qd2+ 26.
Kg1 Qxd4+ 27. Kf1 Qxc4+ 28. Kf2 Qxe6 29.
Re1 Qh6 30. Re7 Qh4+ 0-1

[Event "New Zealand Rapid Championship"]
[Site "Wellington"]
[ePGN "0.1;DGT LiveChess/2.2.5"]
[Date "2023.01.12"]
[Round "5.1"]
[White "Croad, Nicolas"]
[Black "Park-Tamati, Philli"]
[Result "1-0"]
[TimeControl "25+5"]
[WhiteTitle "FM"]
[WhiteFideId "4300793"]
[BlackFideId "4309090"]
[WhiteElo "2309"]
[BlackElo "1861"]

1. e4 c6 2. d4 d5 3. Nd2 dxe4 4. Nxe4 Bf5 5. Ng3 Bg6 6. h4 h6 7. Nf3 Nd7 8. h5 Bh7 9. Bd3 Bxd3 10. Qxd3 e6 11. Bf4 Qa5+ 12. Bd2 Bb4 13. c3 Be7 14. c4 Qc7 15. d5 cxd5 16.
cxd5 Qd6 17. Qb3 Qxd5 18. Qxd5 exd5 19. Nf5 Kf8 20. Rc1 Bc5 21.
b4 Bb6 22. Bf4 Ngf6 23. Nd6 Ne4 24. O-O Ndf6 25. Nxb7 Nxh5 26. Bc7 Nhg3 27. Bxg3 Nxg3 28. Rfe1 Ne4 29. Nc5 Nf6 30. Ne5 Rd8 31. a4 Kg8 32. a5 Bxc5 33. Rxc5 Re8 34. Rc7 Ng4 35. Nd3 Rxe1+ 36. Nxe1 Kh7 37. Rxa7 Kg6 38. b5 Rb8 39.
b6 Ne5 40. Rc7 Kf5 41. Nf3 Nc4 42. Nd4+ Ke4 43. Nc6 Rf8 44.
b7 1-0

[Event "New Zealand Rapid Championship"]
[Site "Wellington"]
[Date "2023.01.12"]
[Round "5.2"]
[White "Winsley, Nicholas"]
[Black "Xie, Felix"]
[Result "0-1"]
[TimeControl "25+5"]
[BlackTitle "CM"]
[WhiteFideId "4315146"]
[BlackFideId "4308174"]
[WhiteElo "1854"]
[BlackElo "2232"]

1. e4 c6 2. d4 d5 3.
Nc3 dxe4 4. Nxe4 Nf6 5. Nxf6+ exf6 6. c3 Bd6 7. Bd3 O-O 8. Qc2 Re8+ 9. Ne2 h5 10. O-O h4 11. h3 Nd7 12. Be3 Nf8 13.
Rad1 Bc7 14. Qc1 Be6 15. c4 Rc8 16. Rfe1 Ng6 17. Nf4 Nxf4 18. Bxf4 g5 19. Bxc7 Qxc7 20. Qc3 Kg7 21. Bb1 Rcd8 22. Qd3 f5 23. Qf3 Qf4 24.
Qxf4 gxf4 25. b3 b5 26. cxb5 cxb5 27. Re5 Rd5 28. Rde1 Red8 29. Bd3 a6 30. Rxd5 Rxd5 31. Re5 Rxd4 32. Bf1 Rd1 33. f3 Kf6 34.
Re2 a5 35. Rb2 a4 36. bxa4 Bc4 37. Rf2 bxa4 38. a3 Ke5 0-1

[Event "New Zealand Rapid Championship"]
[Site "Wellington"]
[Date "2023.01.12"]
[Round "5.3"]
[White "Parfene, Horatiu"]
[Black "Shoker, Samy"]
[Result "0-1"]
[TimeControl "25+5"]
[BlackTitle "GM"]
[WhiteFideId "1208438"]
[BlackFideId "627143"]
[WhiteElo "2085"]
[BlackElo "2440"]

1. e4 g6 2. Nf3 Bg7 3. d3 c5 4. c3 Nc6 5. g3 Nf6 6. Bg2 d6 7. O-O O-O 8. Re1 e5 9. Na3 h6 10. Nc4 Be6 11. a4 b6 12.
Ne3 Rc8 13. Nh4 Re8 14. Nd5 Bxd5 15. exd5 Ne7 16. c4 Nh7 17.
Bh3 f5 18. f4 Rc7 19. Ra2 Nf8 20. b3 Nc8 21. Rae2 Rce7 22. Bb2 exf4 23.
Bxg7 Rxe2 24. Rxe2 Rxe2 25. Bxf8 Qe8 26. Kf1 Rxh2 27. Bxh6 Rh1+ 28. Ke1 0-1

[Event "New Zealand Rapid Championship"]
[Site "Wellington"]
[Date "2023.01.12"]
[Round "5.4"]
[White "Langford, Joshua"]
[Black "Van Riemsdijk, Herman C."]
[Result "1/2-1/2"]
[TimeControl "25+5"]
[BlackTitle "IM"]
[WhiteFideId "4314557"]
[BlackFideId "2100053"]
[WhiteElo "1843"]
[BlackElo "2370"]

1. e4 c5 2. Nf3 Nc6 3.
d4 cxd4 4. Nxd4 Nf6 5. Nc3 e6 6.
Ndb5 Bb4 7. a3 Bxc3+ 8. Nxc3 d5 9. exd5 exd5 10. Bd3 O-O 11.
O-O d4 12. Ne2 Bg4 13. f3 Bh5 14. Nf4 Bg6 15. Nxg6 hxg6 16. f4 Ne7 17. Qf3 Qb6 18. a4 Nf5 19. Bd2 Ne3 20. a5 Qc5 21.
b4 Qe7 22. Rfe1 Rfe8 23. c3 Qd7 24. Bxe3 dxe3 25. Rxe3 Rxe3 26. Qxe3 Re8 27. Qf3 Nd5 28. Bc4 Ne3 29. Bb3 Qd2 30. Qxb7 Kh7 31. Bxf7 Re7 32.
Qf3 Rxf7 33. Qh3+ Kg8 34. Qc8+ 1/2-1/2

[Event "New Zealand Rapid Championship"]
[Site "Wellington"]
[Date "2023.01.12"]
[Round "5.5"]
[White "Young, Cohen"]
[Black "Hague, Ben"]
[Result "0-1"]
[TimeControl "25+5"]
[BlackTitle "FM"]
[WhiteFideId "4317440"]
[BlackFideId "405647"]
[WhiteElo "1777"]
[BlackElo "2410"]

1. e4 Nf6 2. e5 Nd5 3. d4 d6 4.
Nf3 dxe5 5. Nxe5 c6 6. c4 Nf6 7. Be3 Bf5 8.
Bd3 Bxd3 9. Qxd3 Nbd7 10. f4 e6 11. Nc3 Be7 12. O-O O-O 13. Rad1 Qc7 14. Kh1 Rad8 15. Ne4 Nxe4 16. Qxe4 Nf6 17. Qf3 Qa5 18. a3 Qa4 19. Bg1 a5 20. h3 Qc2 21. Rf2 Qe4 22. Qc3 a4 23. Rff1 h5 24. Rde1 Qf5 25.
b3 h4 26. Qd3 Qxd3 27. Nxd3 axb3 28. Rb1 Ne4 29. Rfe1 Nd2 30. Rb2 Nxc4 31. Rxb3 b5 32. f5 Bxa3 33. fxe6 fxe6 34. Rxe6 Bd6 35.
Rb1 Rde8 36. Rg6 Nd2 37. Rc1 Ne4 38. Bh2 Bxh2 39. Kxh2 Rd8 40. Rg4 Nf6 41. Rf4 Rd6 42. Ne5 Rc8 43.
Rxh4 b4 44. Rf4 Nd5 45. Rf2 Nc3 46. Rb2 Rxd4 47. Nf3 Rf4 48. Re1 c5 49. Rd2 Rf7 50. Ne5 Re7 51. Rd7 Rce8 52. Rxe7 Rxe7 53. Nd3 Rxe1 54. Nxe1 c4 55. Nc2 b3 56. Na3 b2 57.
Kg3 b1=Q 58. Nxb1 Nxb1 0-1

[Event "New Zealand Rapid Championship"]
[Site "Wellington"]
[Date "2023.01.12"]
[Round "5.6"]
[White "Perrin, Brent"]
[Black "Ker, Anthony F"]
[Result "0-1"]
[TimeControl "25+5"]
[BlackTitle "IM"]
[WhiteFideId "451380"]
[BlackFideId "4300084"]
[WhiteElo "1856"]
[BlackElo "2359"]

1. e4 c5 2. Nc3 g6 3. f4 Bg7 4. Nf3 Nc6 5. d3 d6 6. Be2 Bg4 7. O-O Nf6 8. Qe1 Nd4 9.
Nxd4 cxd4 10. Nb1 Rc8 11. Bxg4 Nxg4 12. Qe2 Qd7 13. h3 Nf6 14. f5 Qc6 15. Na3 Nd7 16. fxg6 hxg6 17. Qf2 Ne5 18.
Nc4 O-O 19. Bg5 f6 20. Bh4 Nxc4 21. dxc4 Qxc4 22. b3 Qxc2 23. Qxd4 Qc5 24. Bf2 Qxd4 25. Bxd4 a6 26. Rae1 Rc2 27. Rf2 Rfc8 28. Ree2 Rxe2 29. Rxe2 Kf7 30. Kf2 Bh6 31. h4 e5 32. Bb2 f5 33. exf5 gxf5 34. Ba3 Ke6 35. g3 d5 36. Bb2 e4 37.
Bd4 Bf8 38. Kg2 Bd6 39. Kh3 Rg8 40. Rg2 Be5 41. Bxe5 Kxe5 42. h5 d4 43. Rc2 e3 44. Kg2 f4 45. h6 Rxg3+ 46. Kh2 Rg6 0-1

[Event "New Zealand Rapid Championship"]
[Site "Wellington"]
[Date "2023.01.12"]
[Round "5.7"]
[White "Carpinter, Anthony L"]
[Black "Nyberg, Michael"]
[Result "1-0"]
[TimeControl "25+5"]
[WhiteFideId "4300238"]
[BlackFideId "4301064"]
[WhiteElo "2147"]
[BlackElo "1951"]

1. Nf3 Nf6 2. e3 b6 3. c4 e6 4. b3 Bb7 5. Bb2 Be7 6. Be2 d6 7. d4 c5 8. O-O Nbd7 9. Nc3 Ne4 10.
Qc2 f5 11. Rad1 O-O 12. dxc5 bxc5 13. Nd2 Ndf6 14. f3 Ng5 15. e4 fxe4 16. f4 Nf7 17. Ndxe4 Qc8 18. Bf3 Nxe4 19. Bxe4 Bxe4 20.
Qxe4 Bf6 21. Rd2 Rb8 22. Nb5 Bxb2 23. Rxb2 a6 24. Nc3 Re8 25. Rd2 Qc7 26. Rfd1 Qa5 27. Qf3 Qb4 28. Rd3 h6 29.
R1d2 Rf8 30. Qe4 Rfe8 31. Qg6 Nh8 32. Qh5 Nf7 33. g4 Qb7 34. g5 hxg5 35. fxg5 Qe7 36. Rg2 Rf8 37. Rh3 Ne5 38.
g6 Nxg6 39. Qh7+ Kf7 40. Qxg6+ Rh8 1-0

[Event "New Zealand Rapid Championship"]
[Site "Wellington"]
[Date "2023.01.12"]
[Round "5.8"]
[White "Sole, Michael D"]
[Black "Yu, Zachary"]
[Result "1-0"]
[TimeControl "25+5"]
[WhiteFideId "4309030"]
[BlackFideId "4311930"]
[WhiteElo "2093"]
[BlackElo "1675"]

1. e4 c5 2. Nf3 d6 3. d4 cxd4 4. Nxd4 Nf6 5. f3 e5 6. Nb3 d5 7. Bg5 Be6 8. Bxf6 gxf6 9. exd5 Qxd5 10. Qxd5 Bxd5 11. Nc3 Bb4 12. O-O-O Bxb3 13. axb3 Bxc3 14. bxc3 Ke7 15.
Bc4 Nc6 16. Bd5 Rac8 17. Kb2 f5 18. Rhe1 Kf6 19. g3 Rhg8 20. Rd2 h5 21. Red1 Rgd8 22. b4 a6 23. Kb3 b5 24. Rd3 Rd6 25. Ra1 Ra8 26. Be4 Rxd3 27. Bxd3 Ra7 28. Bf1 Kg5 29. h4+ Kf6 30. Rd1 Ke6 31. Ra1 e4 32. fxe4 fxe4 33. Be2 f5 34. Bxh5 a5 35.
Be2 a4+ 36. Kb2 Rb7 37. h5 Ne7 38. Rh1 Kd5 39. h6 Ng6 40. h7 Nh8 41. Rh6 Ke5 42. Rc6 1-0

[Event "New Zealand Rapid Championship"]
[Site "Wellington"]
[Date "2023.01.12"]
[Round "5.9"]
[White "Cummings, Nick"]
[Black "Loke, Kayden"]
[Result "1-0"]
[TimeControl "25+5"]
[WhiteFideId "4301218"]
[BlackFideId "4313186"]
[WhiteElo "2038"]
[BlackElo "1907"]

1. Nf3 Nf6 2. c4 e6 3. g3 d5 4. d4 Bb4+ 5. Bd2 Bxd2+ 6. Qxd2 O-O 7. Bg2 b6 8. Nc3 Bb7 9. Ne5 Nbd7 10.
O-O Rb8 11. cxd5 Nxd5 12. Nxd5 Bxd5 13. Bxd5 exd5 14. Nc6 Qf6 15. Nxb8 Rxb8 16. Rac1 Qd6 17. Qf4 Qxf4 18. gxf4 c5 19.
dxc5 bxc5 20. b3 Kf8 21.
Rfd1 Ke7 22. Rxd5 Rb6 23. Rcd1 Rb7 24. e3 Rc7 25. Kg2 a5 26. Kf3 a4 27. Rxd7+ Rxd7 28. Rxd7+ Kxd7 29. bxa4 f5 30. Ke2 Kc6 31. Kd3 Kd5 32. a5 c4+ 33. Kc3 Kc5 34. a6 Kb6 35. Kxc4 Kxa6 36. Kd5 Ka5 37. Ke5 g6 38. Kf6 Ka4 39. Kg7 h5 40. Kxg6 Ka3 41. Kxf5 Kxa2 42. e4 Kb3 43. e5 Kc4 44. e6 Kd5 45. e7 Kd6 46. e8=Q 1-0

[Event "New Zealand Rapid Championship"]
[Site "Wellington"]
[Date "2023.01.12"]
[Round "5.10"]
[White "Winsley, Daniel"]
[Black "Zhang, Kendrick Botong"]
[Result "0-1"]
[TimeControl "25+5"]
[BlackTitle "CM"]
[WhiteFideId "4315138"]
[BlackFideId "4307704"]
[WhiteElo "1400"]
[BlackElo "1870"]

1. b4 d5 2. Bb2 Bf5 3. Nf3 e6 4. e3 Nf6 5. c4 dxc4 6. Bxc4 Nbd7 7. O-O Nb6 8. Be2 Bxb4 9. Qb3 Be7 10.
Nd4 Be4 11. d3 Bg6 12. Bf3 Nfd5 13. a3 O-O 14. Rc1 c6 15. Bg4 Bf6 16. Nd2 Nf4 17. Ne4 Bxe4 18. dxe4 Ng6 19. Rd1 Qe7 20. f4 e5 21. Nf5 Qc7 22.
g3 Rad8 23. Rxd8 Rxd8 24. Rd1 Rxd1+ 25. Qxd1 Nc4 26. Bc1 exf4 27. exf4 Ne7 28. e5 Nxf5 29. Bxf5 Be7 30. Kg2 Bxa3 31.
Bxa3 Ne3+ 0-1

[Event "New Zealand Rapid Championship"]
[Site "Wellington"]
[Date "2023.01.12"]
[Round "5.11"]
[White "Wang, Justin Zhide"]
[Black "Tang, Hao"]
[Result "1-0"]
[TimeControl "25+5"]
[WhiteFideId "4312830"]
[BlackFideId "4311280"]
[WhiteElo "1619"]
[BlackElo "1846"]

1. e4 c5 2. Nc3 d6 3. f4 a6 4. Nf3 Nc6 5. d3 e6 6. g3 Nf6 7. Bg2 Be7 8. O-O O-O 9. h3 Qc7 10. a3 b5 11. g4 d5 12. exd5 Nxd5 13. Nxd5 exd5 14. Re1 Bd6 15. Ne5 Nxe5 16. fxe5 Bxe5 17. Bxd5 Bd4+ 18. Kg2 Bb7 19. Qf3 Bxd5 20. Qxd5 Rae8 21. Re4 Rxe4 22. Qxe4 Qd7 23. c3 Re8 24. Qf3 Be5 25. Bg5 Bb8 26. Rf1 f6 27. Bh4 Qe6 28. Re1 Qd7 29. Rxe8+ Qxe8 30. Qd5+ Kh8 31.
Qxc5 Qe2+ 32. Bf2 Qe8 33. Qe3 Qc6+ 34.
Qf3 Qd7 35. Qa8 Qc7 36. Qf3 Qh2+ 37. Kf1 h6 38. d4 Qc7 39. Qe3 Qc6 40. Ke1 Kh7 41. Kd2 Qd5 42. Kc2 Bd6 43. Qd3+ Kh8 44. Qe3 Kh7 45. h4 Qg2 46.
Qe2 Kh8 47. Kd3 Qh3+ 48. Kc2 Qg2 49. Kd2 Bf4+ 50. Be3 Bxe3+ 51. Kxe3 Qg3+ 52. Qf3 Qxh4 53. Qa8+ Kh7 54. Qe4+ Kh8 55.
d5 Qe1+ 56. Kd4 Qd2+ 57. Kc5 Qxb2 58.
d6 Qxc3+ 59. Kb6 Qd2 60. Qc6 Qe3+ 61. Kb7 Qe6 62. d7 1-0

[Event "New Zealand Rapid Championship"]
[Site "Wellington"]
[Date "2023.01.12"]
[Round "5.12"]
[White "Winter, Ryan"]
[Black "Van Der Krogt, Adrian"]
[Result "1-0"]
[TimeControl "25+5"]
[WhiteFideId "4306295"]
[BlackFideId "4319567"]
[WhiteElo "2117"]
[BlackElo "1133"]

1. e4 c6 2. d4 d6 3. Nc3 Nf6 4.
Nge2 Qc7 5. h3 e5 6. g4 Be7 7. Bg2 b5 8. a3 h6 9. O-O g5 10. Ng3 Nbd7 11. Nf5 Bf8 12. Ng3 Be7 13.
d5 Bb7 14. dxc6 Bxc6 15. Re1 a5 16. Nd5 Bxd5 17. exd5 Rc8 18. Re2 Nb6 19. c3 Nc4 20. a4 b4 21. cxb4 axb4 22. Rc2 Qb7 23.
a5 Nd7 24. Bf1 Nxa5 25. Rxc8+ Qxc8 26. Rxa5 f6 27. Nf5 Bf8 28.
Bb5 Kf7 29. Ra7 Qc5 30. Rxd7+ Kg8 31. Bc6 Rh7 32. Be3 Qc4 33.
Rxh7 Kxh7 34. Qa4 Qe2 35. Qa7+ Kg8 36.
Be8 Qf3 37. Qf7+ Kh8 38. Qxf8+ Kh7 39. Qg7# 1-0

[Event "New Zealand Rapid Championship"]
[Site "Wellington"]
[Date "2023.01.12"]
[Round "5.13"]
[White "Dive, Russell J"]
[Black "Yu, Weiyang (Cadence)"]
[Result "1-0"]
[TimeControl "25+5"]
[WhiteTitle "IM"]
[WhiteFideId "4300106"]
[BlackFideId "4313135"]
[WhiteElo "2367"]
[BlackElo "1433"]

1. Nf3 d5 2. c4 e6 3. g3 a6 4. b3 c5 5. cxd5 exd5 6. Bg2 Nf6 7. O-O Be7 8. d4 b6 9.
Ne5 Bb7 10. Nc3 Nbd7 11. Bf4 Ra7 12. e3 O-O 13. Rc1 cxd4 14. exd4 Ne4 15. Nxe4 dxe4 16. Qe2 Nf6 17. Rfd1 h6 18.
d5 Ba3 19. Rc2 g5 20. Nc6 Bxc6 21. dxc6 Qc8 22. Be5 Ne8 23.
Bxe4 Nc7 24. Rd7 Rd8 25. Bf5 Rxd7 26. cxd7 Qd8 27. Bxc7 Rxc7 28. Qe8+ 1-0

[Event "New Zealand Rapid Championship"]
[Site "Wellington"]
[Date "2023.01.12"]
[Round "5.14"]
[White "Burns, Christopher J"]
[Black "Tao, Junqing Jerome"]
[Result "1-0"]
[TimeControl "25+5"]
[WhiteFideId "4300920"]
[BlackFideId "4313895"]
[WhiteElo "2031"]
[BlackElo "1148"]

1. e4 e5 2. Nf3 Nc6 3. d4 exd4 4. Nxd4 Bc5 5. Nxc6 bxc6 6. Nc3 h6 7.
Bc4 Nf6 8. O-O O-O 9. e5 Ne8 10. Qf3 Bb7 11. Bf4 d5 12. Rad1 Qe7 13. Bd3 f6 14. Qg3 fxe5 15. Bxe5 Nd6 16.
Rde1 Qd7 17. Na4 Bb6 18. Nxb6 axb6 19. Qg6 Ne4 20. Rxe4 dxe4 21. Bc4+ Rf7 22. Qxg7# 1-0

[Event "New Zealand Rapid Championship"]
[Site "Wellington"]
[ePGN "0.1;DGT LiveChess/2.2.5"]
[Date "2023.01.12"]
[Round "6.1"]
[White "Xie, Felix"]
[Black "Croad, Nicolas"]
[Result "1-0"]
[TimeControl "25+5"]
[WhiteTitle "CM"]
[BlackTitle "FM"]
[WhiteFideId "4308174"]
[BlackFideId "4300793"]
[WhiteElo "2232"]
[BlackElo "2309"]

1. d4 Nf6 2. c4 e6 3. g3 Bb4+ 4. Bd2 Be7 5. Nf3 d5 6. Bg2 O-O 7. O-O c6 8. Qc2 Nbd7 9. Rd1 b6 10.
b3 Ba6 11. a4 Rc8 12. a5 b5 13. c5 b4 14. Bxb4 Ne4 15. Ne1 f5 16. f3 Nef6 17.
Nd3 Qe8 18. Bd2 h6 19. Nc3 g5 20. b4 Rb8 21. Rab1 Bb5 22. Re1 Qg6 23. Nf2 Qg7 24. Nxb5 Rxb5 25. Bf1 Rb7 26. e3 g4 27.
f4 h5 28. b5 cxb5 29. a6 Rc7 30. Ba5 Rcc8 31. Bxb5 h4 32. Bxd7 Nxd7 33. Rb7 Nb8 34. Bc7 Nc6 35. Qa4 Nd8 36. Be5 Qf7 37. Rc1 Qe8 38.
Qxe8 Rxe8 39. Rxa7 Nc6 40. Rb7 Nxe5 41. fxe5 Bg5 42. Rc3 Rc6 43.
Rb6 Rc7 44. Kf1 Kf7 45. Rb7 Rec8 46. Ke2 Ke7 47. Rcb3 Kd7 48. R3b6 Bd8 49. Rd6+ Ke7 50. Rbb6 Ra7 51. Rxe6+ Kf7 52. Rb7+ Rxb7 53. axb7 Rb8 54. Rh6 Kg7 55. Rd6 Rxb7 56. Rxd8 Rb2+ 57. Kf1 Rb1+ 58. Kg2 Rb2 59. gxh4 Re2 60. c6 Rxe3 61. c7 f4 62. Rg8+ 1-0

[Event "New Zealand Rapid Championship"]
[Site "Wellington"]
[Date "2023.01.12"]
[Round "6.2"]
[White "Shoker, Samy"]
[Black "Cummings, Nick"]
[Result "1-0"]
[TimeControl "25+5"]
[WhiteTitle "GM"]
[WhiteFideId "627143"]
[BlackFideId "4301218"]
[WhiteElo "2440"]
[BlackElo "2038"]

1. Nf3 Nf6 2. g3 g6 3. Bg2 c5 4. c4 Bg7 5.
Nc3 O-O 6. a3 Nc6 7. d3 a6 8. Rb1 Rb8 9. b4 cxb4 10. axb4 b5 11. cxb5 axb5 12. O-O Qc7 13. Bf4 e5 14.
Bg5 Ne7 15. Qd2 d6 16. Rfc1 Qd7 17. d4 exd4 18. Nxd4 Bb7 19. e4 Ba8 20. f3 Ne8 21. Bf1 Nc7 22. Ndxb5 Nxb5 23. Nxb5 Nc8 24.
Nc7 Na7 25. Nxa8 Rxa8 26. b5 Rab8 27. Qd3 Rfc8 28. Rxc8+ Nxc8 29. Be3 Nb6 30. Rd1 Bf8 31. f4 Qe8 32. Rb1 Qe6 33. f5 Qe7 34.
Ra1 Qc7 35. Rc1 Qe7 36. Rc6 Nd7 37. Rc7 Qd8 38. Ra7 Ne5 39. Qd5 Qe8 40. Bf4 Bg7 41. Kg2 g5 42. Bxe5 Bxe5 43. Bc4 Kg7 44.
Rxf7+ Kh6 45. Rc7 Bg7 46. Qxd6+ Kh5 47. Bf7+ 1-0

[Event "New Zealand Rapid Championship"]
[Site "Wellington"]
[Date "2023.01.12"]
[Round "6.3"]
[White "Hague, Ben"]
[Black "Winsley, Nicholas"]
[Result "1-0"]
[TimeControl "25+5"]
[WhiteTitle "FM"]
[WhiteFideId "405647"]
[BlackFideId "4315146"]
[WhiteElo "2410"]
[BlackElo "1854"]

1. d4 d5 2. c4 c6 3.
Nc3 Nf6 4. e3 a6 5. Nf3 Bf5 6. Qb3 Ra7 7. cxd5 cxd5 8. Be2 e6 9. O-O Nbd7 10. Bd2 Bd6 11. Rfc1 b5 12. Bxb5 axb5 13.
Nxb5 Ra6 14. Ba5 Qxa5 15. Rc8+ Ke7 16. Rxh8 Rb6 17. a4 Nf8 18. Ne5 Ne4 19. Nxd6 Kxd6 20. Qa3+ Qb4 21. Qxb4+ Rxb4 22.
Rxf8 f6 23. Nd3 Rb7 24. a5 Ra7 25. a6 Nd2 26. Nc5 Nc4 27. Rb8 1-0

[Event "New Zealand Rapid Championship"]
[Site "Wellington"]
[Date "2023.01.12"]
[Round "6.4"]
[White "Van Riemsdijk, Herman C."]
[Black "Wang, Justin Zhide"]
[Result "1-0"]
[TimeControl "25+5"]
[WhiteTitle "IM"]
[WhiteFideId "2100053"]
[BlackFideId "4312830"]
[WhiteElo "2370"]
[BlackElo "1619"]

1. e4 e6 2. d4 d5 3. Nc3 Nf6 4.
Bg5 Be7 5. e5 Nfd7 6. h4 a6 7. Qg4 Bxg5 8. hxg5 c5 9. dxc5 Nxe5 10. Qg3 Nbc6 11. O-O-O Qe7 12. f4 Nd7 13. f5 Qxc5 14. fxe6 fxe6 15. Bd3 Nde5 16. Bxh7 Bd7 17.
Nf3 Nxf3 18. Bg6+ Ke7 19. gxf3 Qd6 20. f4 Raf8 21. Rhf1 Kd8 22. Ne4 Qb4 23. a3 Qe7 24. Nc3 b5 25.
Qf2 Kc7 26. Rxd5 b4 27. axb4 Qxb4 28. Qd2 Rd8 29. Rd3 Bc8 30. Be4 Rxd3 31. Qxd3 Rd8 32. Qe3 Qd4 33. Qf3 Qd2+ 34. Kb1 Nd4 35. Qd3 Qxd3 36. Bxd3 Nf5 37. Bxf5 exf5 38. Rd1 Rxd1+ 39. Nxd1 Kc6 40. Ne3 Kc5 41.
c3 a5 42. Kc2 Bb7 43. Kb3 g6 44. Ka4 Bc6+ 45. Kxa5 Bb5 46.
b4 Kc6 47. c4 1-0

[Event "New Zealand Rapid Championship"]
[Site "Wellington"]
[Date "2023.01.12"]
[Round "6.5"]
[White "Ker, Anthony F"]
[Black "Sole, Michael D"]
[Result "1-0"]
[TimeControl "25+5"]
[WhiteTitle "IM"]
[WhiteFideId "4300084"]
[BlackFideId "4309030"]
[WhiteElo "2359"]
[BlackElo "2093"]

1. e4 e5 2. Nf3 Nc6 3. d4 exd4 4.
Bc4 Bc5 5. c3 Nf6 6. cxd4 Bb4+ 7. Bd2 Nxe4 8. Bxb4 Nxb4 9. Bxf7+ Kxf7 10. Qb3+ Kf8 11. Qxb4+ Qe7 12. Qxe7+ Kxe7 13. O-O Kd8 14. Re1 Nf6 15. Nc3 d6 16. Ng5 Rf8 17. f4 h6 18.
Ne6+ Bxe6 19. Rxe6 Kd7 20. Rae1 Rfe8 21. f5 Rxe6 22. Rxe6 c6 23. g4 a5 24. h4 Re8 25. g5 Ng4 26.
Rg6 hxg5 27. Rxg7+ Re7 28. Rxg5 Ne3 29. Kf2 Nc4 30. b3 Nd2 31. h5 b5 32. Rg6 b4 33. Ne2 Ne4+ 34. Kg2 Rf7 35.
Kf3 Nc3 36. Ng3 Nxa2 37. h6 Ke7 38.
Re6+ Kd7 39. Kg4 a4 40. bxa4 b3 41.
Re3 Nc1 42. Ne2 b2 43. Nc3 Na2 44. Nb1 1-0

[Event "New Zealand Rapid Championship"]
[Site "Wellington"]
[Date "2023.01.12"]
[Round "6.6"]
[White "Zhang, Kendrick Botong"]
[Black "Carpinter, Anthony L"]
[Result "1/2-1/2"]
[TimeControl "25+5"]
[WhiteTitle "CM"]
[WhiteFideId "4307704"]
[BlackFideId "4300238"]
[WhiteElo "1870"]
[BlackElo "2147"]

1. e4 e6 2. d4 d5 3. Nc3 Nf6 4. e5 Nfd7 5. f4 c5 6. Nf3 Nc6 7. Be3 Be7 8. Qd2 O-O 9. Be2 a6 10.
O-O b5 11. a3 Rb8 12. dxc5 Nxc5 13. b4 Nd7 14. Bd3 Nb6 15. Ne2 Nc4 16. Qc1 f6 17. Ned4 Bd7 18. Nxc6 Bxc6 19. exf6 Bxf6 20. Bd4 Bxd4+ 21. Nxd4 Qb6 22. c3 Rbe8 23. Bxc4 dxc4 24. Qe3 Bd5 25. Rae1 Qb7 26. g3 Re7 27. Qe5 Rfe8 28. Rf2 Qd7 29.
Rfe2 Ba8 30. Kf2 Qd5 31. Qxd5 Bxd5 32. Nf5 Rd7 33. Nd4 Kf7 34. Re5 Rde7 35. f5 Kf6 36. fxe6 Bxe6 37. Nc6 Rd7 38. Nd4 Rde7 39. Rc5 Bd7 40.
Rxe7 Rxe7 41. Rd5 Rf7 42. Ke2 Bg4+ 43. Kd2 Ke7 44. Nc6+ Ke6 45. Rd4 Rf2+ 46. Ke1 Re2+ 47. Kf1 Bf3 48. Nd8+ Ke7 49. Rf4 Bh5 50.
Nc6+ Kd6 51. Nb8 Rxh2 52. Nxa6 Bg6 53. Nc5 Bd3+ 54. Nxd3 cxd3 55. Rd4+ Ke5 56. Rxd3 Ra2 57. Rd7 Rxa3 58. Rxg7 Rxc3 59. Rxh7 Rxg3 60. Rh5+ Kd4 61. Rxb5 Kc4 62. Ke1 1/2-1/2

[Event "New Zealand Rapid Championship"]
[Site "Wellington"]
[Date "2023.01.12"]
[Round "6.7"]
[White "Park-Tamati, Philli"]
[Black "Dive, Russell J"]
[Result "1/2-1/2"]
[TimeControl "25+5"]
[BlackTitle "IM"]
[WhiteFideId "4309090"]
[BlackFideId "4300106"]
[WhiteElo "1861"]
[BlackElo "2367"]

1. d4 Nf6 2. Bf4 c5 3.
d5 d6 4.
Nc3 g6 5. e4 Bg7 6. Nf3 O-O 7. Be2 Bg4 8.
h3 Bxf3 9. Bxf3 Nfd7 10. O-O Qa5 11. Bd2 b5 12. a3 Na6 13. Be2 c4 14. b4 cxb3 15. Nxb5 Qb6 16. cxb3 Nac5 17. Be3 Qb7 18.
Rc1 a6 19. b4 Nxe4 20. Rc7 Qb8 21. Rxd7 axb5 22. Rxe7 Nc3 23. Qd2 Rxa3 24. Bf3 Re8 25. Rxe8+ Qxe8 26. Re1 Qf8 27. Qd3 Qa8 28.
Bd4 Na2 29. Qe4 h5 30. Bxg7 Kxg7 31. Qd4+ Kg8 32. Qb6 Nxb4 33. Qxb5 Qa4 34. Qb8+ Kg7 35. Qxd6 Nd3 36. Rf1 Ra2 37. Qc6 Qd4 38. d6 Rxf2 39.
Rxf2 Qxf2+ 40. Kh2 Qd4 41. Qd5 Qf4+ 42. g3 Qd2+ 43. Bg2 h4 44. Qd4+ f6 45. Qxh4 Ne1 46. Qe4 Nxg2 47. Qxg2 Qxd6 48. Qb7+ 1/2-1/2

[Event "New Zealand Rapid Championship"]
[Site "Wellington"]
[Date "2023.01.12"]
[Round "6.8"]
[White "Van der Hoorn, Thomas"]
[Black "Winter, Ryan"]
[Result "1-0"]
[TimeControl "25+5"]
[WhiteFideId "4314565"]
[BlackFideId "4306295"]
[WhiteElo "1888"]
[BlackElo "2117"]

1. e4 c5 2. Nf3 e6 3. d4 cxd4 4. Nxd4 Nc6 5. Nc3 Qc7 6. Be3 a6 7. Qd2 Nf6 8. f3 Bb4 9. Nde2 d5 10. exd5 Nxd5 11. a3 Nxe3 12. Qxe3 Be7 13. Ng3 b5 14.
Bd3 Ne5 15. Be4 Rb8 16. Bd3 Bb7 17. Nge4 Nxd3+ 18. Qxd3 Qb6 19. Nf2 O-O 20. O-O Rbc8 21. Kh1 Rfd8 22. Qe2 Bf6 23. Ncd1 Bd5 24.
Ne3 Bxb2 25. Nxd5 Rxd5 26. Ra2 Bf6 27. Nd3 h6 28. f4 Qc7 29. Rb1 Qc4 30. Rb3 a5 31. a4 bxa4 32. Rba3 Rb8 33. h3 Bh4 34. Rxa4 Qc3 35.
Kh2 Rbb5 36. Nf2 Bf6 37. Ne4 Qc8 38. c4 Qc7 39. Nxf6+ gxf6 40. cxd5 Qc5 1-0

[Event "New Zealand Rapid Championship"]
[Site "Wellington"]
[Date "2023.01.12"]
[Round "6.9"]
[White "Burns, Christopher J"]
[Black "Parfene, Horatiu"]
[Result "0-1"]
[TimeControl "25+5"]
[WhiteFideId "4300920"]
[BlackFideId "1208438"]
[WhiteElo "2031"]
[BlackElo "2085"]

1. e4 d6 2. d4 g6 3. Nc3 Bg7 4. f4 Nf6 5. Nf3 O-O 6. Be3 c6 7. Qd2 b5 8. a3 a5 9. h3 Na6 10. e5 b4 11. axb4 axb4 12.
exf6 bxc3 13. Qxc3 Bxf6 14. Qxc6 Bd7 15. Qc3 Nc5 16. Rxa8 Qxa8 17. Nd2 Bh4+ 18. Bf2 Qa1+ 19. Ke2 Bb5+ 20. Ke3 Bxf2+ 21. Kxf2 Na4 22.
Qa5 Bc6 23. Qa6 Qd1 24. Ke3 Qe1+ 25. Qe2 Qg3+ 26. Nf3 Nxb2 27. c4 Ra8 28. Qxb2 Bxf3 29. gxf3 e5 30. fxe5 dxe5 31. dxe5 Re8 32. Ke4 f5+ 33. Ke3 Rxe5+ 34. Kd2 Qf2+ 35. Kc3 Re3+ 36. Bd3 Rxd3+ 37. Kd4 0-1